 Dungeon Crawl Stone Soup version 0.20-a0-1117-g62da73f (webtiles) character file.

77 Spazmo the Magician (level 4, 0/25 HPs)
             Began as a Deep Elf Wizard on May 8, 2017.
             Slain by an orc priest
             ... wielding a +0 mace
              (6 damage)
             ... on level 3 of the Dungeon.
             The game lasted 00:10:40 (2064 turns).

Spazmo the Magician (Deep Elf Wizard)               Turns: 2064, Time: 00:10:40

Health: 0/25       AC:  3    Str:  5    XL:     4   Next: 14%
Magic:  0/13       EV: 13    Int: 25    God:
Gold:   87         SH:  0    Dex: 13    Spells: 2/13 levels left

rFire    . . .     SeeInvis .   m - +1 dagger (freeze)
rCold    . . .     Gourm    .   (no shield)
rNeg     . . .     Faith    .   a - +0 robe
rPois    .         Spirit   .   b - +0 hat
rElec    .         Reflect  .   h - +0 cloak
rCorr    .         Harm     .   (no gloves)
MR       .....                  (no boots)
Stlth    ++........             (no amulet)
Regen    0.1/turn               f - ring of wizardry
MPRegen  0.2/turn               i - +2 ring of intelligence

@: no status effects
A: no striking features
a: no special abilities


You were on level 3 of the Dungeon.
You were not hungry.

You visited 1 branch of the dungeon, and saw 3 of its levels.

You collected 87 gold pieces.

Inventory:

Hand Weapons
 m - a +1 dagger of freezing (weapon)
Armour
 a - a +0 robe (worn)
 b - a +0 hat (worn)
 h - a +0 cloak (worn)
Jewellery
 f - a ring of wizardry (left hand)
 g - an uncursed ring of positive energy
 i - a +2 ring of intelligence (right hand)
Scrolls
 e - a scroll of teleportation {unknown}
 k - 5 scrolls of identify
Books
 c - a book of Minor Magic

   Spells                             Type                      Level
   a - Magic Dart                     Conjuration                  1
   b - Blink                          Translocation                2
   c - Call Imp                       Summoning                    2
   d - Slow                           Hexes                        2
   e - Conjure Flame                  Conjuration/Fire             3
   f - Mephitic Cloud                 Conjuration/Poison/Air       3
Comestibles
 d - a bread ration
 j - 2 meat rations
 l - 6 chunks of flesh


   Skills:
 + Level 1.2 Fighting
 + Level 3.1 Dodging
 - Level 2.4 Stealth
 + Level 5.2 Spellcasting
 + Level 2.1 Conjurations
 - Level 1.1 Summonings
 - Level 1.1 Translocations
 + Level 1.0 Air Magic


You had 2 spell levels left.
You knew the following spells:

 Your Spells              Type           Power        Failure   Level  Hunger
a - Magic Dart            Conj           ###.         1%          1    None
b - Blink                 Tloc           N/A          3%          2    None
c - Call Imp              Summ           ##......     3%          2    None
d - Mephitic Cloud        Conj/Pois/Air  ##......     6%          3    #......
e - Conjure Flame         Conj/Fire      ##......     6%          3    #......


Dungeon Overview and Level Annotations

Branches:
Dungeon (3/15)

Altars:
Yredelemnul
The Shining One

Annotations:
D:3 Wdx2's ghost, amateur GrFi


Message History

The orc priest is moderately wounded.
The orc priest misses you.
Casting: Magic Dart
Confirm with . or Enter, or press ? or * to list all spells.
Aiming: Magic Dart
Press: ? - help, Shift-Dir - straight line, f/p - orc priest
Aim: an orc priest, wielding a mace, wearing a leather armour and wearing a buckler (lightly wounded)
The magic dart hits the orc priest.
The orc priest is lightly wounded.
The orc priest hits you with a mace.
* * * LOW HITPOINT WARNING * * *
Casting: Magic Dart
Confirm with . or Enter, or press ? or * to list all spells.
Aiming: Magic Dart
Press: ? - help, Shift-Dir - straight line, f/p - orc priest
Aim: an orc priest, wielding a mace, wearing a leather armour and wearing a buckler (lightly wounded)
The magic dart hits the orc priest.
The orc priest is heavily wounded.
The orc priest hits you with a mace.
You die...

#.# #............###
#.############......#
#..............###'##
##############.# #.#
#.# #(# #.# #.# #.#
#.# #.# #.# #@# #.#
#o# ..# #.. #...
#..$. #...## #..##
#(..


You could see an orc priest.

Vanquished Creatures
  2 adders (D:2)
  3 worms (D:2)
  A dart slug (D:1)
  3 leopard geckos (D:1)
  3 orcs (D:3)
  2 giant cockroaches
  2 goblins (D:2)
  10 hobgoblins
  4 bats
  2 frilled lizards
  3 kobolds (D:2)
  9 rats
44 creatures vanquished.

Notes
Turn   | Place    | Note
-------+----------+-------------------------------------------
     0 | D:1      | Spazmo the Deep Elf Wizard began the quest for the Orb.
     0 | D:1      | Reached XP level 1. HP: 10/10 MP: 7/7
   156 | D:1      | Reached XP level 2. HP: 16/16 MP: 6/9
   406 | D:1      | Learned a level 2 spell: Blink
   409 | D:1      | Learned a level 2 spell: Call Imp
   472 | D:1      | Reached skill level 1 in Fighting
   683 | D:2      | Upgraded the game from 0.20-a0-1116-gaa52201 to 0.20-a0-1117-g62da73f
   746 | D:2      | Reached XP level 3. HP: 20/20 MP: 7/11
   751 | D:2      | Learned a level 3 spell: Mephitic Cloud
   837 | D:2      | Found a glowing golden altar of the Shining One.
   921 | D:2      | Reached skill level 5 in Spellcasting
  1291 | D:2      | Found a basalt altar of Yredelemnul.
  1449 | D:2      | Reached skill level 1 in Air Magic
  1449 | D:2      | Reached XP level 4. HP: 25/25 MP: 9/13
  1566 | D:3      | Noticed Wdx2's ghost (amateur GrFi)
  1629 | D:2      | Learned a level 3 spell: Conjure Flame
  2064 | D:3      | Slain by an orc priest

Vault maps used:
D:1:      minmay_arrival_hallway, minmay_hexomino_c4
D:2:      tso_altar, yredelemnul_altar_generic
D:3:      kennysheep_the_goblin_king, overflow_temple_1_default

Skill      XL: |  1  2  3 |
---------------+----------+-----
Fighting       | 1 |  1.2
Spellcasting   | 5 |  5.2
Conjurations   | 2 |  2.1
Dodging        | 3 |  3.1
Air Magic      | 1 |  1.0
Stealth        | |  2.4
Summonings     | |  1.1
Translocations | |  1.1

Action                   |  1- 3 |  4- 6 || total
-------------------------+-------+-------++-------
Melee: Dagger            |     7 |     7 ||    14
       Short sword       |     8 |       ||     8
 Cast: Magic Dart        |   105 |    41 ||   146
       Blink             |       |     4 ||     4
       Call Imp          |       |     3 ||     3
       Conjure Flame     |       |     2 ||     2
       Mephitic Cloud    |       |     2 ||     2
  Use: Scroll            |     4 |       ||     4
       Potion            |     2 |       ||     2
  Eat: Chunk             |     1 |     2 ||     3
Armor: Robe              |     7 |     3 ||    10
Dodge: Dodged            |    21 |    13 ||    34
